 Dungeon Crawl Stone Soup version 0.26.1-11-gd32895ea62 (webtiles) character file.

Game seed: 10672708033836370926

212 Descartes the Conjurer (level 5, -6/28 HPs)
             Began as a Deep Elf Hedge Wizard on July 15, 2021.
             Mangled by an ogre
             ... wielding a +0 giant club
              (11 damage)
             ... on level 3 of the Dungeon.
             The game lasted 00:06:39 (4498 turns).

Descartes the Conjurer (Deep Elf Hedge Wizard)      Turns: 4498, Time: 00:06:41

Health: -6/28      AC:  5    Str:  7    XL:     5   Next: 58%
Magic:  10/14      EV: 12    Int: 20    God:
Gold:   73         SH:  0    Dex: 14    Spells: 12/13 levels left

rFire    . . .     SeeInvis .   u - +0 rapier
rCold    . . .     Faith    .   (no shield)
rNeg     . . .     Spirit   .   s - +0 leather armour
rPois    .         Reflect  .   c - +0 hat
rElec    .         Harm     .   (no cloak)
rCorr    .         Rampage  .   l - +1 pair of gloves
Will     .....     Rnd*Tele +   (no boots)
Stlth    ++........             (no amulet)
HPRegen  0.09/turn              i - ring of teleportation (curse)
MPRegen  0.14/turn              (no ring)

@: no status effects
A: no striking features
a: no special abilities


You were on level 3 of the Dungeon.
You visited 1 branch of the dungeon, and saw 4 of its levels.

You collected 73 gold pieces.

Inventory:

Hand Weapons
 o - a +0 hunting sling
 u - a +0 rapier (weapon)
Missiles
 d - 78 stones
 f - 19 arrows
 g - 41 sling bullets
 h - 20 bolts
 p - 15 poisoned darts
 v - 7 javelins
Armour
 b - a +0 robe
 c - a +0 hat (worn)
 l - a +1 pair of gloves (worn)
 s - a +0 leather armour (worn)
Jewellery
 i - a cursed ring of teleportation (left hand)
Wands
 t - a wand of random effects (20)
Scrolls
 a - a scroll of remove curse {unknown}
 m - 5 scrolls of identify
 n - a scroll of immolation
 r - a scroll of fog {unknown}
Potions
 e - a potion of lignification
 j - a potion of ambrosia {unknown}
 k - 2 potions of cancellation {unknown}
 q - a potion of heal wounds {unknown}
 w - a potion of might {unknown}


   Skills:
 - Level 2.4 Dodging
 - Level 2.4 Stealth
 + Level 4.8 Spellcasting
 - Level 6.0 Conjurations
 - Level 1.1 Summonings
 - Level 1.1 Translocations


You had 12 spell levels left.
You knew the following spells:

 Your Spells              Type           Power        Failure   Level
a - Magic Dart            Conj           100%         1%          1

Your spell library contained the following spells:

 Spells                   Type           Power        Failure   Level
 Conjure Flame            Conj/Fire      16%          16%         3
 Blink                    Tloc           N/A          17%         2
 Call Imp                 Summ           9%           17%         2
 Mephitic Cloud           Conj/Pois/Air  12%          24%         3
 Slow                     Hex            4%           26%         2


Dungeon Overview and Level Annotations

Branches:
Dungeon (4/15)
 Temple: D:4-7

Altars:


Message History

The magic dart hits the ogre.
The ogre is almost dead.
The ogre hits you with a +0 giant club!!
Ouch! That really hurt!
* * * LOW HITPOINT WARNING * * *
An orc wizard comes into view. It is wielding a +0 dagger.
There is a stone staircase leading up here.
The ogre barely misses you.
You climb upwards.
There is a stone staircase leading down here.
There is an open door here.
Casting: Magic Dart (safe; 1% risk of failure)
Confirm with . or Enter, or press ? or * to list all spells.
Aiming: Magic Dart (safe; 1% risk of failure)
Press: ? - help, Shift-Dir - straight line, f - ogre
Aim: an ogre, wielding a +0 giant club (severely wounded, 0% to evade)
The magic dart hits the ogre.
The ogre is almost dead.
The ogre hits you with a +0 giant club!
You die...

##.# ##.....## #.......# ##..#
##.......## #.#.##..#
##...####.........###....#..##
#.......+.........'.<.........
##...####.........###.......##
#..## ##.......## #.#..##.#
#.## ##.....## #.##.##.# ###.#
##...## #.##.##.# #...# ##@##
#.......# #.### #O# ####.####
###.##### #.# #.# ........#
##.##########.#
###.###.#######.>...........#
# #.# #.#..........#######..#
# #.###.#..............###..#
# #...........##.#.###......#
#######.#.....####.#######.##


You could see an ogre.

Vanquished Creatures
  Jessica (D:3)
  Natasha (D:2)
  8 adders
  2 worms
  4 dart slugs
  A leopard gecko (D:1)
  3 orcs (D:3)
  11 bats
  6 giant cockroaches
  6 goblins
  8 hobgoblins
  2 jackals
  6 kobolds
  2 quokkas
  2 ball pythons
  3 frilled lizards
  A jackal skeleton (D:4)
  8 rats
75 creatures vanquished.

Vanquished Creatures (others)
  4 plants (D:1)
4 creatures vanquished.

Grand Total: 79 creatures vanquished

Notes
Turn   | Place    | Note
-------+----------+-------------------------------------------
     0 | D:1      | Descartes the Deep Elf Hedge Wizard began the quest for the
                  | Orb.
     0 | D:1      | Reached XP level 1. HP: 10/10 MP: 7/7
   155 | D:1      | Reached skill level 2 in Conjurations
   338 | D:1      | Reached XP level 2. HP: 15/15 MP: 6/9
   804 | D:1      | Reached skill level 3 in Conjurations
  1313 | D:2      | Reached XP level 3. HP: 19/19 MP: 7/10
  1493 | D:2      | Reached skill level 4 in Conjurations
  1925 | D:2      | Reached XP level 4. HP: 24/24 MP: 6/12
  2592 | D:3      | Noticed Natasha
  2604 | D:2      | Killed Natasha
  2775 | D:3      | Reached skill level 5 in Conjurations
  3285 | D:3      | Reached XP level 5. HP: 28/28 MP: 11/13
  3700 | D:3      | Noticed Jessica
  3704 | D:3      | Killed Jessica
  4008 | D:3      | Reached skill level 6 in Conjurations
  4473 | D:4      | Noticed an ogre
  4498 | D:3      | Mangled by an ogre

Illustrated notes

Levels and vault maps discovered:
D:1:      sevenhm_arrival_forest_fort_small_4, layout_loops_ring, moated_statue,
          serial_bayou_pond_d
D:2:      minmay_evil_eye, layout_basic, minmay_tree_intersection
D:3:      layout_loops_corners, uniq_jessica, uniq_natasha
D:4:      layout_basic, minmay_temple_entry_tees, serial_glass, glass_columns_a,
          glass_columns_a, due_unseen_surprise, minmay_cut_off,
          uniq_blork_the_orc

Skill      XL: |  1  2  3  4  5 |
---------------+----------------+-----
Conjurations   | 2 3 4 5 6 |  6.0
Dodging        | |  2.4
Stealth        | |  2.4
Spellcasting   | |  4.8
Summonings     | |  1.1
Translocations | |  1.1

Action                   |  1- 3 |  4- 6 || total
-------------------------+-------+-------++-------
 Cast: Magic Dart        |    80 |   104 ||   184
  Use: Scroll            |     3 |     2 ||     5
Armor: Robe              |     9 |       ||     9
       Leather armour    |       |     4 ||     4
Dodge: Dodged            |    10 |    18 ||    28
